AoeStats
← 一喜之狼一

Nomad

507475606Analyzed
4v4 RM · 14d ago on Sep 18, 2026· 31m 13s· 8 players
Game mode
Random Map
Map size
231×231
Population
200
Speed
Normal
Resources
Standard
Victory
Conquest
Starting age
Dark Age
Ending age
Imperial Age
RankedLock teamsTeams togetherTeam positionsShared explorationLock speedFull tech treeHidden civsTurbo modeCheats
Victory
Defeat
🇨🇳 Vikings · China
1104
+15
🇨🇿 Lithuanians · Czechia
1104
+15
🇩🇪 Malians · Germany
1064
+17
🇷🇪 Persians · Réunion
1029
+18
🇬🇧 Persians · United Kingdom
1120
-17
🇨🇳 Malay · China
1081
-16
🇨🇳 Bohemians · China
1076
-16
🇨🇳 Burgundians · China
1075
-16
OayiZ
5:02 Loom
16:22 Feudal Age
16:53 Double-Bit Axe
21:30 Castle Age
19:29 Fletching
20:33 Fishing Lines
23:26 Bow Saw
23:58 Wheelbarrow
24:07 Bodkin Arrow
25:46 Hand Cart
26:44 Medium Warships
K
15:48 Feudal Age
17:20 Double-Bit Axe
24:36 Castle Age
25:26 Horse Collar
25:58 Bow Saw
26:09 Forging
26:05 Scale Barding Armor
26:14 Bloodlines
26:05 Loom
26:07 Town Watch
27:38 Wheelbarrow
31:22 Iron Casting
31:37 Chain Barding Armor
一喜之狼一
6:28 Loom
haruka
16:15 Feudal Age
15:57 Double-Bit Axe
18:18 Loom
DESTINNI
5:43 Loom
6:48 Loom
16:55 Feudal Age
18:37 Double-Bit Axe
23:04 Castle Age
21:49 Horse Collar
22:48 Gold Mining
25:42 Town Watch
29:24 Wheelbarrow
29:09 Bloodlines
28:59 Husbandry
29:13 Light Cavalry
30:37 Wheelbarrow
Icke
5:56 Loom
6:05 Loom
14:18 Feudal Age
16:23 Wheelbarrow
19:10 Forging
21:21 Castle Age
19:31 Scale Mail Armor
19:19 Man-at-Arms
20:29 Arson
20:56 Double-Bit Axe
21:18 Stone Mining
21:38 Long Swordsman
22:25 Squires
23:04 Iron Casting
22:49 Horse Collar
23:51 Heavy Plow
24:53 Bow Saw
28:15 Gold Mining
29:35 Chain Mail Armor
30:42 Gold Shaft Mining
30:43 Stone Shaft Mining
31:22 Hand Cart
raphael-974-
7:21 Loom
7:49 Loom
15:29 Feudal Age
15:47 Fishing Lines
15:57 Double-Bit Axe
17:51 Wheelbarrow
19:44 Forging
19:45 Horse Collar
21:18 Scale Barding Armor
25:50 Castle Age
24:53 Bloodlines
26:39 Chain Barding Armor
26:55 Iron Casting
26:24 Husbandry
26:53 Bow Saw
28:12 Town Watch
28:43 Hand Cart
29:34 Gold Mining
fyerlang
4:20 Loom
13:45 Feudal Age
14:34 Double-Bit Axe
25:01 Castle Age
23:44 Fishing Lines
24:48 Horse Collar
26:07 Medium Warships
26:23 Gillnets
27:32 Town Watch
28:14 Bow Saw
Connection lost

Rejoining the realm…

Still unreachable

The connection could not be restored.

Session expired

The server has moved on; the page needs a fresh start.